 Dungeon Crawl Stone Soup version 0.27-a0-1317-gd1140b374c (webtiles) character file.

Game seed: 3213801363302266871

1514 Ijustatesigmund the Cleaver (level 8, 0/73 HPs)
             Began as a Hill Orc Fighter on June 21, 2021.
             Was an Initiate of Cheibriados.
             Slain by an ogre (11 damage)
             ... on level 6 of the Dungeon.
             The game lasted 00:08:10 (5435 turns).

Ijustatesigmund the Cleaver (Hill Orc Fighter)      Turns: 5435, Time: 00:08:11

Health: 0/73       AC:  9    Str: 20    XL:     8   Next: 83%
Magic:  10/10      EV: 23    Int: 17    God:    Cheibriados [......]
Gold:   235        SH: 11    Dex: 11    Spells: 6/7 levels left

rFire    . . .     SeeInvis .   a - +0 broad axe
rCold    . . .     Faith    .   c - +1 kite shield
rNeg     . . .     Spirit   .   b - +0 scale mail
rPois    .         Reflect  .   (no helmet)
rElec    .         Harm     .   i - +1 cloak {Will+}
rCorr    .         Rampage  .   (no gloves)
Will     +....                  (no boots)
Stlth    ..........             h - amulet of the acrobat
HPRegen  0.22/turn              q - ring of flight
MPRegen  0.12/turn              k - +6 ring of intelligence

@: about to teleport, acrobatic, flying, very slow
A: no striking features
a: Renounce Religion, Bend Time


You were on level 6 of the Dungeon.
You worshipped Cheibriados.
Cheibriados was noncommittal.
You visited 2 branches of the dungeon, and saw 7 of its levels.

You collected 235 gold pieces.

Inventory:

Hand Weapons
 a - a +0 broad axe (weapon)
 j - a +3 hand axe of venom
Armour
 b - a +0 scale mail (worn)
 c - a +1 kite shield (worn)
 i - a +1 cloak of willpower (worn)
Jewellery
 h - an amulet of the acrobat (around neck)
 k - a +6 ring of intelligence (right hand)
 q - a ring of flight (left hand)
Wands
 n - a wand of flame (13)
Scrolls
 e - 4 scrolls of teleportation
 g - a scroll of magic mapping
 m - a scroll of enchant armour
 p - a scroll of immolation {unknown}
 r - a scroll of identify
Potions
 d - 2 potions of magic
 l - 4 potions of curing
 o - a potion of invisibility


   Skills:
 + Level 7.6 Fighting
 + Level 8.6 Axes
 - Level 5.5 Armour
 + Level 1.5 Dodging
 - Level 5.5 Shields
 + Level 2.7 Invocations


You had 6 spell levels left.
You knew the following spells:

 Your Spells              Type           Power      Damage    Failure   Level
a - Magic Dart            Conj           0%         1d3       91%         1

Your spell library contained the following spells:

 Spells                   Type           Power      Damage    Failure   Level
 Searing Ray              Conj           0%         3d3       97%         2
 Dazzling Flash           Conj/Hex       0%         N/A       99%         3
 Fulminant Prism          Conj/Hex       0%         3d6       100%        4
 Iskenderun's Mystic Bla  Conj/Tloc      0%         2d3       100%        4


Dungeon Overview and Level Annotations

Branches:
Dungeon (6/15)             Temple (1/1) D:5

Altars:
Ashenzari
Cheibriados
Elyvilon
Fedhas
Gozag
Hepliaklqana
Makhleb
Nemelex Xobeh
Qazlal
Vehumet
Xom
Yredelemnul

Shops:
D:3 *


Message History

There is an open door here.
Found an opulent altar of Gozag.
Found an opulent altar of Gozag.
An ogre comes into view. It is wielding a +0 giant club.
The ogre shouts!
Found an opulent altar of Gozag.
The ogre hits you with a +0 giant club!
Your shield and scale mail prevent you from hitting the ogre.
You block the ogre's attack.
You barely miss the ogre.
The ogre hits you with a +0 giant club!!
You barely miss the ogre. You block the ogre's attack.
You slash the ogre!
The ogre is moderately wounded.
You block the ogre's attack.
You barely miss the ogre.
The ogre is moderately wounded.
You block the ogre's attack.
You barely miss the ogre.
The ogre is moderately wounded.
You block the ogre's attack.
You slash the ogre!
The ogre is severely wounded.
The ogre hits you with a +0 giant club!!
You are too injured to fight recklessly!
You are too injured to fight recklessly!
You are too injured to fight recklessly!
You are too injured to fight recklessly!
You are too injured to fight recklessly!
You are too injured to fight recklessly!
You are too injured to fight recklessly!
You are too injured to fight recklessly!
You are too injured to fight recklessly!
You are too injured to fight recklessly!
You are too injured to fight recklessly!
As you read the scroll of teleportation, it crumbles to dust.
You feel strangely unstable. The ogre hits you with a +0 giant club!
* * * LOW HITPOINT WARNING * * *
The ogre hits you with a +0 giant club!
You die...

.....###....... #.
.......#...... #.
...._....8... #.
..8...8....# #.
.⌠≈≈≈≈≈⌠..## #### #.
8≈#####≈8..# #..# #.
.≈#$$$#≈...# ##.# #.
.≈#$$$#≈O_.# #†## #.
.≈#$$$#@...######..#####
8≈#####≈8............†..
.⌠≈≈≈≈≈⌠..########..####
..8...8..........##.#...
...._....8.......##...#.
.#.....#........)'....#.
#...###.........###..#.
.... ########'###.....
.. #...##.#.#.


You could see an ogre.

Vanquished Creatures
  Sigmund (D:2)
  A black bear (D:5)
  4 necrophages
  3 ogres
  A scorpion (D:5)
  A howler monkey (D:6)
  An orc priest (D:4)
  4 hounds
  A jelly (D:6)
  A bullfrog skeleton (D:4)
  Crazy Yiuf (D:2)
  A centaur skeleton (D:6)
  Jessica (D:2)
  An iguana (D:4)
  Terence (D:2)
  An orc wizard (D:4)
  Natasha (twice) (D:4)
  A hound skeleton (D:4)
  4 adders
  4 gnolls (D:3)
  A white imp (D:4)
  2 worms
  2 orcs (D:4)
  7 bats
  7 endoplasms
  A giant cockroach (D:1)
  5 goblins
  6 hobgoblins
  2 jackals (D:3)
  5 kobolds
  3 quokkas
  7 ball pythons
  A frilled lizard (D:1)
  4 rats
88 creatures vanquished.

Vanquished Creatures (others)
  Natasha (D:4)
1 creature vanquished.

Grand Total: 89 creatures vanquished

Notes
Turn   | Place    | Note
-------+----------+-------------------------------------------
     0 | D:1      | Ijustatesigmund the Hill Orc Fighter began the quest for
                  | the Orb.
     0 | D:1      | Reached XP level 1. HP: 19/19 MP: 1/1
    92 | D:1      | Reached skill level 3 in Axes
   114 | D:1      | Reached XP level 2. HP: 27/27 MP: 2/2
   793 | D:2      | Noticed Terence
   797 | D:2      | Killed Terence
   798 | D:2      | Reached skill level 4 in Axes
   798 | D:2      | Reached XP level 3. HP: 22/33 MP: 3/3
  1041 | D:2      | Found a faded altar of an unknown god.
  1121 | D:2      | Found a stormy altar of Qazlal.
  1139 | D:2      | Noticed Jessica
  1145 | D:2      | Killed Jessica
  1146 | D:2      | Reached XP level 4. HP: 26/41 MP: 4/4
  1310 | D:2      | Reached skill level 5 in Axes
  1406 | D:2      | Noticed Sigmund
  1744 | D:3      | Reached XP level 5. HP: 47/47 MP: 5/5
  1909 | D:3      | Reached skill level 5 in Fighting
  2066 | D:3      | Reached skill level 6 in Axes
  2230 | D:3      | Found Zaetabb's General Store.
  2557 | D:2      | Killed Sigmund
  2558 | D:2      | Reached XP level 6. HP: 41/56 MP: 6/6
  2706 | D:2      | Found a runed translucent door.
  2707 | D:2      | Noticed Crazy Yiuf
  2782 | D:2      | Killed Crazy Yiuf
  2920 | D:4      | Found a burning altar of Makhleb.
  2921 | D:4      | Noticed a necrophage
  2935 | D:4      | Killed a necrophage
  2936 | D:4      | Reached XP level 7. HP: 44/62 MP: 7/7
  3120 | D:4      | Noticed Natasha
  3128 | D:4      | Killed Natasha
  3156 | D:4      | Noticed Natasha
  3165 | D:4      | Killed Natasha
  3166 | D:4      | Reached skill level 7 in Axes
  3424 | D:4      | Noticed Natasha
  3429 | D:4      | Killed Natasha
  3894 | D:4      | Reached skill level 5 in Armour
  3996 | D:4      | Found a hazy altar of Hepliaklqana.
  4105 | D:5      | Entered Level 5 of the Dungeon
  4110 | D:5      | Reached skill level 5 in Shields
  4162 | D:5      | Reached XP level 8. HP: 62/71 MP: 8/8
  4460 | D:5      | Reached skill level 8 in Axes
  4613 | D:5      | Found a staircase to the Ecumenical Temple.
  4641 | Temple   | Entered the Ecumenical Temple
  4649 | Temple   | Became a worshipper of Cheibriados the Contemplative
  4873 | D:6      | Reached skill level 1 in Invocations
  4894 | D:6      | Reached skill level 1 in Dodging
  5225 | D:6      | Learned a level 1 spell: Magic Dart
  5417 | D:6      | Found an opulent altar of Gozag.
  5418 | D:6      | Found an opulent altar of Gozag.
  5421 | D:6      | Found an opulent altar of Gozag.
  5435 | D:6      | Slain by an ogre

Illustrated notes

Levels and vault maps discovered:
D:1:      dpeg_arrival_radiant, layout_basic
D:2:      layout_rooms, hellmonk_ecumenical_altar_heavens_door, basic_altar,
          uniq_jessica, uniq_terence, uniq_crazy_yiuf_cottage, uniq_sigmund
D:3:      layout_rooms, serial_rivers, chequers_serial_rivers_small_b,
          chequers_serial_rivers_small_3, chequers_serial_rivers_small_b,
          chequers_serial_rivers_small_b, chequers_serial_rivers_micro_b,
          chequers_serial_rivers_micro_a, serial_shops, shop, hex_medium,
          grunt_ministairs_5
D:4:      layout_basic, lemuel_coloured_pillars_altar,
          makhleb_blood_cavern_becter, lemuel_old_faithful, uniq_natasha
D:5:      layout_rooms, temple_pool_b
D:6:      layout_basic, nicolae_gozag_conspicuous_consumption,
          kennysheep_generic_room_15
Temple:   eino_temple_lava

Skill      XL: |  1  2  3  4  5  6  7  8 |
---------------+-------------------------+-----
Axes           | 3 4 5 6 7 8 |  8.6
Fighting       | 4 5 6 7 |  7.6
Armour         | 4 5 |  5.5
Shields        | 4 5 |  5.5
Invocations    | 2 |  2.7
Dodging        | 1 |  1.5

Action                   |  1- 3 |  4- 6 |  7- 9 || total
-------------------------+-------+-------+-------++-------
Melee: War axe           |    54 |       |       ||    54
       Hand axe          |     3 |    88 |   147 ||   238
       Broad axe         |       |       |     9 ||     9
  Use: Scroll            |       |     9 |     4 ||    13
       Potion            |       |     1 |     2 ||     3
Armor: Scale mail        |    18 |    26 |    49 ||    93
Dodge: Dodged            |    14 |    19 |    33 ||    66
Block: Kite shield       |    32 |    42 |    69 ||   143

Table legend: (Time is in decaauts)
 A = Elapsed time spent in this place.
 B = Non-inter-level travel time spent in this place.
 C = Inter-level travel time spent in this place.
 D = Time resting spent in this place.
 E = Time spent auto-exploring this place.
 F = Levels seen in this place.
 G = Mean time per level.
                   A        B        C        D        E       F      G
               +--------+--------+--------+--------+--------+-----+--------+
         Total |   5623 |   5404 |    219 |    853 |   3716 |   7 |  803.3 |
       Dungeon |   5604 |   5396 |    208 |    853 |   3716 |   6 |  934.0 |
        Temple |     18 |      8 |     10 |      0 |      0 |   1 |   18.0 |
               +--------+--------+--------+--------+--------+-----+--------+

Top non-repeatable levels by time:
     D:4: 1356 daAuts
     D:1: 1023 daAuts
     D:3: 915 daAuts
     D:2: 875 daAuts
     D:6: 762 daAuts
     D:5: 670 daAuts
  Temple: 18 daAuts
